 Dungeon Crawl Stone Soup version 0.24.0-1-gfbc8707 (webtiles) character file.

Game seed: 11394216809231137725, levelgen mode: deterministic

12405 porkupine the Basher (level 11, -1/69 HPs)
             Began as a Gargoyle Fighter on Oct 31, 2019.
             Was the Champion of Okawaru.
             Slain by Snorg (9 damage)
             ... on level 12 of the Dungeon.
             The game lasted 00:47:33 (11048 turns).

porkupine the Basher (Gargoyle Fighter)            Turns: 11048, Time: 00:47:33

Health: -1/69      AC: 27    Str: 24    XL:     11   Next: 92%
Magic:  0/11       EV:  7    Int:  6    God:    Okawaru [******]
Gold:   571        SH: 12    Dex:  9    Spells: 10/10 levels left

rFire    . . .     SeeInvis +   J - +4 flail
rCold    . . .     Gourm    .   c - +0 shield
rNeg     + . .     Faith    .   l - +0 plate armour
rPois    ∞         Spirit   +   G - +1 helmet
rElec    +         Reflect  .   p - scarf {Spirit}
rCorr    +         Harm     .   m - +0 pair of gloves
MR       .....                  j - +0 pair of boots
Stlth    ..........             r - amulet of the acrobat
HPRegen  0.21/turn              D - ring of resist corrosion
MPRegen  0.12/turn              F - ring of see invisible

@: no status effects
A: dopey 1, negative energy resistance 1, electricity resistance, wild magic 1,
unbreathing, petrification resistance, rot immunity, AC +8
a: Heroism, Finesse, Renounce Religion


You were on level 12 of the Dungeon.
You worshipped Okawaru.
Okawaru was exalted by your worship.
You were not hungry.

You visited 1 branch of the dungeon, and saw 12 of its levels.

You collected 610 gold pieces.
You spent 39 gold pieces at shops.

Inventory:

Hand Weapons
 J - a +4 flail (weapon)
Missiles
 b - 50 poisoned darts (quivered)
 x - 11 boomerangs
 H - 3 atropa-tipped darts
Armour
 c - a +0 shield (worn)
 j - a +0 pair of boots (worn)
 l - a +0 plate armour (worn)
 m - a +0 pair of gloves (worn)
 p - a scarf of spirit shield (worn)
 G - a +1 helmet (worn)
Jewellery
 k - an uncursed amulet of magic regeneration
 r - an amulet of the acrobat (around neck)
 D - a ring of resist corrosion (left hand)
 F - a ring of see invisible (right hand)
 I - an uncursed ring of positive energy
Wands
 s - a wand of polymorph (5)
 y - a wand of clouds (10)
 A - a wand of iceblast (22)
 B - a wand of random effects (40)
 E - a wand of disintegration (13)
 K - a wand of paralysis (10)
 L - a wand of acid (5)
 P - a wand of digging (5)
Scrolls
 e - 9 scrolls of identify
 g - 3 scrolls of teleportation
 h - 3 scrolls of fog
 i - 4 scrolls of immolation
 n - 6 scrolls of remove curse
 q - a scroll of enchant weapon
 u - 3 scrolls of amnesia
 w - 2 scrolls of blinking
 z - a scroll of magic mapping
 N - a scroll of fear
Potions
 d - 3 potions of might
 o - 4 potions of invisibility
 t - a potion of brilliance
 v - 2 potions of curing
 C - 3 potions of flight
Comestibles
 f - 21 rations
 M - 6 chunks of flesh


   Skills:
 + Level 8.3 Fighting
 + Level 11.8 Maces & Flails
 + Level 8.5 Armour
 + Level 1.5 Dodging
 + Level 0.1 Stealth
 + Level 11.6 Shields


You had 10 spell levels left.
You didn't know any spells.
Your spell library contained the following spells:

 Spells                   Type           Power        Failure   Level  Hunger
 Beastly Appendage        Tmut           #.....       100%        1    ##.....
 Flame Tongue             Conj/Fire      #....        100%        1    ##.....
 Magic Dart               Conj           #...         100%        1    ##.....
 Summon Small Mammal      Summ           #...         100%        1    ##.....
 Blink                    Tloc           N/A          100%        2    ###....
 Call Imp                 Summ           #.......     100%        2    ###....
 Slow                     Hex            #.......     100%        2    ###....
 Sticks to Snakes         Tmut           #.......     100%        2    ###....
 Throw Flame              Conj/Fire      #.....       100%        2    ###....
 Call Canine Familiar     Summ           #.......     100%        3    ####...
 Conjure Flame            Conj/Fire      #.......     100%        3    ####...
 Inner Flame              Hex/Fire       #.......     100%        3    ####...
 Mephitic Cloud           Conj/Pois/Air  #.......     100%        3    ####...
 Spider Form              Tmut/Pois      #.........   100%        3    ####...
 Summon Guardian Golem    Hex/Summ       #.......     100%        3    ####...
 Ice Form                 Ice/Tmut       #.......     100%        4    #####..
 Sticky Flame             Conj/Fire      #.......     100%        4    #####..
 Summon Ice Beast         Ice/Summ       #.......     100%        4    #####..
 Summon Lightning Spire   Summ/Air       #.......     100%        4    #####..
 Blade Hands              Tmut           #.........   100%        5    ######.
 Fireball                 Conj/Fire      #.........   100%        5    ######.


Dungeon Overview and Level Annotations

Branches:
Dungeon (12/15)            Temple (0/1) D:5            Lair (0/6) D:8
    Orc (0/2) D:10

Altars:
Ashenzari
Dithmenos
Gozag
Hepliaklqana
Kikubaaqudgha
Makhleb
Nemelex Xobeh
Okawaru
Trog
Vehumet
Wu Jian

Shops:
D:5 }   D:6 (   D:8 !

Annotations:
D:9 2 transporters, Salanewt's ghost, novice BaIE
D:11 3 runed translucent doors, exclusion: 3 doors
D:12 Snorg


Innate Abilities, Weirdness & Mutations

You are resistant to torment.
Your stone body is resilient. (AC +8)
You are immune to poison.
You resist negative energy. (rN+)
You are resistant to electric shocks. (rElec)
You can survive without breathing.
You are immune to petrification.
You are immune to rotting.
You are dopey. (Int -2)
Your spells are a little harder to cast, but a little more powerful.


Message History

Snorg bites you but does no damage. Snorg claws you! Snorg barely misses you.
You block Snorg's attack. x2; Snorg claws you but does no damage.
You barely miss Snorg.
Snorg is almost dead.
You block Snorg's attack. x2; Snorg barely misses you.
You sock Snorg!
Snorg is almost dead.
Snorg bites you but does no damage. Snorg claws you!
* * * LOW HITPOINT WARNING * * *
Snorg claws you.
* * * LOW HITPOINT WARNING * * *
It was a potion of heal wounds.
You feel much better. Snorg bites you.
Snorg claws you but does no damage. x2; Snorg bites you but does no damage.
Snorg claws you!
* * * LOW HITPOINT WARNING * * *
Snorg claws you but does no damage.
You feel better. Snorg bites you!
* * * LOW HITPOINT WARNING * * *
Snorg claws you but does no damage. Snorg claws you!
You die...

... ... #.. #.# #
#.###.# #.....+
####.....# #...@T.#
#...#..# #...#..#
#...#..#
#############......#+
......................
############..........
# #..........
############..........


You could see Snorg (berserk).

Vanquished Creatures
  A two-headed ogre (D:11)
  Pikel (D:6)
  A cyclops (D:11)
  2 centaur zombies (D:10)
  A gargoyle (D:10)
  4 trolls
  Grinder (D:3)
  4 hippogriffs
  A wyvern (D:8)
  Grum (D:9)
  A steam dragon (D:9)
  6 yaks (D:10)
  2 hungry ghosts
  2 wargs
  2 water moccasins
  2 ice beasts
  4 phantoms
  A black bear (D:9)
  3 orc warriors
  A slave (D:5)
  A sky beast (D:5)
  2 necrophages
  3 wolves
  8 ogres
  7 centaurs
  8 bullfrogs
  A gnoll sergeant (D:9)
  A wyvern skeleton (D:7)
  7 scorpions
  11 killer bees
  4 wights (D:11)
  3 crimson imps
  A bullfrog zombie (D:9)
  3 hounds
  A quasit (D:11)
  7 orc wizards
  2 jellies
  3 centaur skeletons
  13 orc priests
  2 iguanas
  9 worker ants
  8 ogre zombies (D:10)
  3 worker ant zombies
  11 gnolls
  14 adders
  2 shadow imps
  An ooze (D:7)
  3 adder skeletons
  5 worms
  4 dart slugs
  7 leopard geckos
  37 orcs
  6 bats
  5 giant cockroaches
  10 goblins
  10 hobgoblins
  24 jackals
  11 kobolds
  6 quokkas
  A ball python (D:2)
  5 frilled lizards
  3 goblin skeletons (D:10)
  A goblin zombie (D:10)
  3 hobgoblin skeletons (D:10)
  A hobgoblin zombie (D:10)
  2 orc skeletons (D:10)
  15 orc zombies (D:10)
  A quokka skeleton (D:5)
  10 rats
347 creatures vanquished.

Vanquished Creatures (others)
  Sigmund (D:3)
  3 slaves (D:6)
  A kobold (D:3)
5 creatures vanquished.

Grand Total: 352 creatures vanquished

Notes
Turn   | Place    | Note
-------+----------+-------------------------------------------
     0 | D:1      | porkupine the Gargoyle Fighter began the quest for the Orb.
     0 | D:1      | Reached XP level 1. HP: 14/14 MP: 1/1
   169 | D:1      | Reached XP level 2. HP: 16/19 MP: 2/2
   728 | D:1      | Reached XP level 3. HP: 23/23 MP: 3/3
   783 | D:1      | Found a sparkling altar of Nemelex Xobeh.
  1221 | D:2      | Reached XP level 4. HP: 29/29 MP: 4/4
  1657 | D:2      | Found an opulent altar of Gozag.
  1657 | D:2      | Found an iron altar of Okawaru.
  1657 | D:2      | Found a shadowy altar of Dithmenos.
  1657 | D:2      | Found a bloodstained altar of Trog.
  1673 | D:2      | Became a worshipper of Warmaster Okawaru
  1678 | D:2      | Found an ornate altar of the Wu Jian Council.
  1680 | D:2      | Found an ancient bone altar of Kikubaaqudgha.
  1910 | D:2      | Reached XP level 5. HP: 33/33 MP: 5/5
  1976 | D:3      | Gained mutation: You are dopey. (Int -2) [potion of
                  | mutation]
  1976 | D:3      | Gained mutation: Your spells are a little harder to cast,
                  | but a little more powerful. [potion of mutation]
  2291 | D:3      | Found a faded altar of an unknown god.
  2365 | D:3      | Reached XP level 6. HP: 36/38 MP: 6/6
  2373 | D:3      | Noticed Grinder
  2377 | D:3      | Paralysed by Grinder for 5 turns
  2386 | D:3      | Paralysed by Grinder for 2 turns
  2394 | D:3      | Paralysed by Grinder for 5 turns
  2424 | D:3      | Paralysed by Grinder for 7 turns
  2432 | D:3      | Killed Grinder
  2432 | D:3      | Reached * piety under Okawaru
  2432 | D:3      | Reached skill level 5 in Shields
  2432 | D:3      | Reached XP level 7. HP: 12/43 MP: 7/7
  2656 | D:3      | You fall into a shaft and drop 1 floor!
  2702 | D:4      | Reached skill level 5 in Maces & Flails
  2993 | D:3      | Noticed Sigmund
  3027 | D:3      | Killed Sigmund
  3027 | D:3      | Reached skill level 5 in Armour
  3402 | D:4      | Reached XP level 8. HP: 48/48 MP: 8/8
  3605 | D:5      | Entered Level 5 of the Dungeon
  3640 | D:5      | Found a staircase to the Ecumenical Temple.
  3759 | D:5      | Reached ** piety under Okawaru
  4036 | D:5      | Found a shattered altar of Ashenzari.
  4168 | D:5      | Found Baicidag's Gadget Shoppe.
  4353 | D:5      | Reached skill level 5 in Fighting
  4406 | D:5      | Found a radiant altar of Vehumet.
  4679 | D:6      | Noticed a hippogriff
  4681 | D:6      | Found Rouzauck's Antique Weapon Shoppe.
  4691 | D:6      | Killed a hippogriff
  4691 | D:6      | Reached XP level 9. HP: 52/54 MP: 9/9
  4788 | D:6      | Noticed Pikel
  4853 | D:6      | Killed Pikel
  4853 | D:6      | Reached *** piety under Okawaru
  4853 | D:6      | Reached skill level 1 in Dodging
  4864 | D:6      | Got a polished scale mail
  4869 | D:6      | Identified the +1 scale mail of Ru's Whim {rElec} (You
                  | found it on level 6 of the Dungeon)
  5931 | D:7      | Found a burning altar of Makhleb.
  6117 | D:7      | Reached XP level 10. HP: 57/60 MP: 10/10
  6409 | D:8      | Reached **** piety under Okawaru
  7002 | D:8      | Received a gift from Okawaru
  7284 | D:8      | Reached skill level 10 in Maces & Flails
  7318 | D:8      | Found a staircase to the Lair.
  7503 | D:8      | Found Baqappupn's Distillery.
  7506 | D:8      | Bought a potion of flight for 39 gold pieces
  7635 | D:9      | Found a transporter.
  7635 | D:9      | Noticed a death knight
  7635 | D:9      | Noticed Salanewt's ghost (novice BaIE)
  7932 | D:9      | Reached skill level 10 in Shields
  8143 | D:9      | Found a transporter.
  8175 | D:9      | Found a hazy altar of Hepliaklqana.
  8185 | D:9      | Reached ***** piety under Okawaru
  8249 | D:9      | Noticed Grum
  8377 | D:9      | Killed Grum
  8469 | D:9      | Reached XP level 11. HP: 53/67 MP: 9/11
  8598 | D:10     | Entered Level 10 of the Dungeon
  8599 | D:10     | Found a staircase to the Orcish Mines.
  9863 | D:11     | Noticed a two-headed ogre
  9880 | D:11     | Noticed a cyclops
 10760 | D:11     | Found a runed translucent gate.
 10761 | D:11     | Found a runed translucent gate.
 10761 | D:11     | Found a runed translucent gate.
 10763 | D:11     | Noticed a green ugly thing
 10763 | D:11     | Noticed a glowing orange brain
 10763 | D:11     | Noticed a cyan ugly thing
 10764 | D:11     | Noticed a green ugly thing
 10764 | D:11     | Noticed a white ugly thing
 10765 | D:11     | Noticed a white very ugly thing
 10780 | D:11     | Killed a cyclops
 10820 | D:11     | Killed a two-headed ogre
 10820 | D:11     | Reached ****** piety under Okawaru
 11025 | D:12     | Noticed Snorg
 11048 | D:12     | Slain by Snorg

Levels and vault maps discovered:
D:1:      grunt_arrival_crossed_arrows, layout_basic,
          nemelex_diamond_rough_becter
D:2:      layout_loops_ring, minmay_overflow_temple_hex
D:3:      layout_loops_ring, chequers_ecumenical_altar_island,
          hangedman_abyss_or_decor_stabs, minmay_checkerbox, uniq_sigmund,
          uniq_grinder
D:4:      layout_cave_pools
D:5:      layout_basic, vehumet_crystals, minmay_temple_entry_mini_moons,
          serial_shops, nicolae_shop_stone, first_ration,
          cheibrodos_ashenzari_chains
D:6:      layout_basic, serial_shops, shop, uniq_pikel
D:7:      layout_loops_ring, overflow_temple_1_default
D:8:      layout_loops_ring, erik_lair_orcish_takeover, serial_shops,
          kennysheep_mini_moat
D:9:      layout_stronghold, old_standard_altar, gammafunk_ghost_mausoleum,
          uniq_grum
D:10:     layout_gridville, zombieorc2_lemuel
D:11:     layout_cave_pods, ploomutoo_gammafunk_ghost_potion_laboratory
D:12:     layout_stronghold, uniq_nessos, uniq_snorg, uniq_psyche

Skill      XL: |  1  2  3  4  5  6  7  8  9 10 11 |
---------------+----------------------------------+-----
Armour         | 4 5 6 7 8 |  8.5
Maces & Flails | 3 4 5 7 9 10 11 | 11.8
Shields        | 4 5 7 8 10 11 | 11.6
Fighting       | 4 5 6 7 8 |  8.3
Dodging        | 1 |  1.5
Stealth        | |  0.1

Action                   |  1- 3 |  4- 6 |  7- 9 | 10-12 || total
-------------------------+-------+-------+-------+-------++-------
Melee: Flail             |   163 |   271 |   615 |   766 ||  1815
  Use: Scroll            |     3 |     2 |     5 |     7 ||    17
       Potion            |       |     6 |     1 |     6 ||    13
 Stab: Invisible         |       |     1 |       |       ||     1
  Eat: Chunk             |     1 |     5 |    13 |    14 ||    33
       Ration            |       |       |       |     2 ||     2
Armor: Scale mail        |    36 |       |       |       ||    36
       Chain mail        |    13 |       |       |       ||    13
       Plate armour      |    72 |   191 |   389 |   484 ||  1136
Dodge: Dodged            |    24 |    36 |   140 |   227 ||   427
Block: Shield            |    89 |   132 |   303 |   532 ||  1056
